Chicago Black Hawks vs Dallas Stars
Created - Wednesday, January 14, 2026 at 12:34
Goals
|
| Chicago Black Hawks |
0 |
1 |
2 |
3 |
| Dallas Stars |
1 |
0 |
0 |
1 |
|
Shots
|
| Chicago Black Hawks |
12 |
7 |
16 |
35 |
| Dallas Stars |
10 |
17 |
10 |
37 |
|
1st period
1. Dallas Stars , Luke Kunin 1 (Jonas Siegenthaler 1, Filip Chytil 1) at 8:58 (PP)
Penalties :
Filip Gustavsson (CHI) for Slashing (Minor) at 6:05 - Zachary Werenski served the penalty, Trevor Zegras (CHI) for Slashing (Minor) at 8:53, Ryan Lindgren (CHI) for Tripping (Minor) at 17:53
2nd period
2. Chicago Black Hawks , Lucas Raymond 1 (Leo Carlsson 1, Kevin Fiala 1) at 7:39 (PP)
Penalties :
Jack Drury (DAL) for Tripping (Minor) at 5:07, Arber Xhekaj (DAL) for Hooking (Minor) at 7:31
3rd period
3. Chicago Black Hawks , Brent Burns 1 (Leo Carlsson 2, Lucas Raymond 1) at 14:37 (PP)
4. Chicago Black Hawks , Lucas Raymond 2 (Leo Carlsson 3) at 17:42 (PP)
Penalties :
Zachary Werenski (CHI) for Hooking (Minor) at 10:12, Brendan Gallagher (DAL) for Tripping (Minor) at 13:43, Cam York (DAL) for High sticking (Minor) at 15:53
Goalie Stats
Filip Gustavsson (CHI), 36 saves from 37 shots - (0.973), W, 1-0-0, 60:00 minutes
Ukko-Pekka Luukkonen (DAL), 32 saves from 35 shots - (0.914), L, 0-1-0, 60:00 minutes
Players Stats for Chicago Black Hawks
Player Name G A P +/- PIM S H SB GA TA FO MP PP MP PK MP
------------------------------------------------------------------------------------
Barrett Hayton 0 0 0 0 0 2 0 0 0 0 18/27 20:04 2:41 2:38
Bobby Brink 0 0 0 0 0 1 1 0 0 0 0/0 7:44 0:00 0:00
Brent Burns 1 0 1 0 0 2 1 6 1 0 0/0 26:04 1:49 3:07
Brett Howden 0 0 0 0 0 2 0 0 0 1 1/2 8:38 0:00 0:28
Christopher Tanev 0 0 0 0 0 2 0 0 0 2 0/0 21:31 3:01 2:55
Eeli Tolvanen 0 0 0 0 0 1 3 0 0 0 0/1 11:57 0:00 0:00
Justin Faulk 0 0 0 0 0 2 3 3 0 0 0/0 21:50 3:01 2:55
Kevin Fiala 0 1 1 0 0 0 0 1 0 0 2/5 19:39 2:09 2:48
Leo Carlsson 0 3 3 0 0 5 3 0 1 0 10/17 19:33 2:09 3:01
Lucas Raymond 2 1 3 0 0 7 1 0 1 0 0/1 19:33 2:09 3:01
Matthew Beniers 0 0 0 0 0 3 1 0 0 0 5/9 12:03 0:00 0:00
Noah Dobson 0 0 0 0 0 0 0 1 0 1 0/0 12:06 0:00 0:00
Oliver Bjorkstrand 0 0 0 0 0 2 1 0 1 0 0/2 17:00 2:41 0:00
Ryan Lindgren 0 0 0 0 2 0 3 1 0 2 0/0 14:22 0:00 1:57
Shane Wright 0 0 0 0 0 1 3 0 1 0 0/0 11:57 0:00 0:00
Trevor Lewis 0 0 0 0 0 0 0 0 0 0 0/1 7:44 0:00 0:00
Trevor Zegras 0 0 0 0 2 4 0 0 0 1 0/0 17:26 2:41 0:08
Zachary Werenski 0 0 0 0 2 1 1 2 1 0 0/0 24:44 1:49 1:10
Players Stats for Dallas Stars
Player Name G A P +/- PIM S H SB GA TA FO MP PP MP PK MP
------------------------------------------------------------------------------------
Alex Iafallo 0 0 0 0 0 4 1 1 1 1 0/0 12:42 0:12 0:00
Arber Xhekaj 0 0 0 0 2 0 1 1 0 1 0/0 12:34 0:00 0:00
Brendan Gallagher 0 0 0 0 2 1 3 0 0 0 0/4 18:16 2:52 1:57
Cam York 0 0 0 0 2 0 0 3 0 0 0/0 12:34 0:00 0:00
Dougie Hamilton 0 0 0 0 0 1 3 1 2 0 0/0 27:40 3:01 2:36
Elias Lindholm 0 0 0 0 0 4 2 1 0 0 11/21 19:03 3:02 2:23
Filip Chytil 0 1 1 0 0 5 1 1 1 1 11/24 18:18 2:58 0:00
Jack Drury 0 0 0 0 2 0 1 0 0 0 2/4 7:49 0:00 0:00
Jakob Chychrun 0 0 0 0 0 0 3 2 2 1 0/0 19:45 3:01 2:14
Joel Kiviranta 0 0 0 0 0 4 0 0 0 0 0/0 8:10 0:12 0:00
Jonas Siegenthaler 0 1 1 0 0 3 1 2 0 0 0/0 19:45 3:01 2:14
Jordan Greenway 0 0 0 0 0 4 0 1 0 0 0/0 12:41 0:02 0:16
Jordan Martinook 0 0 0 0 0 3 2 0 0 1 0/1 20:29 2:58 2:11
Josh Anderson 0 0 0 0 0 3 3 1 0 0 1/2 18:43 2:52 2:23
Luke Kunin 1 0 1 0 0 1 3 1 0 0 0/0 18:18 2:58 0:00
Philip Tomasino 0 0 0 0 0 1 0 0 1 0 0/0 7:47 0:00 0:00
Trent Frederic 0 0 0 0 0 2 1 0 0 0 4/9 12:52 0:00 0:30
Trevor van Riemsdyk 0 0 0 0 0 1 1 2 0 1 0/0 27:40 3:01 2:36
3 Stars
1 - Filip Gustavsson (CHI)
2 - Lucas Raymond (CHI)
3 - Leo Carlsson (CHI)
Power Play
Chicago Black Hawks - 3 on 4 Attempt(s) - 75.00%
Dallas Stars - 1 on 4 Attempt(s) - 25.00%
Penalty Kill
Chicago Black Hawks - 3 on 4 Attempt(s) - 75.00%
- Score 0 goal in Penalty Kill
Dallas Stars - 1 on 4 Attempt(s) - 25.00%
- Score 0 goal in Penalty Kill
Team Stat
Chicago Black Hawks - Hits : 21 - Faceoff Wins : 36 - Blocked Shots : 14 - Penalty Minutes : 8
Dallas Stars - Hits : 26 - Faceoff Wins : 29 - Blocked Shots : 17 - Penalty Minutes : 8
Official
Referees : Kelly Sutherland and Dan O'Rourke
Linesman : Travis Toomey and Caleb Apperson
Game Notes
No Game Note
Finance
Level 1 -- Attendance: 5263 (87.72%) -- Ticket Income $473,670
Level 2 -- Attendance: 4773 (95.46%) -- Ticket Income $238,650
Level 3 -- Attendance: 3000 (100.00%) -- Ticket Income $90,000
Level 4 -- Attendance: 4029 (80.58%) -- Ticket Income $100,725
Luxury Box -- Attendance: 942 (94.20%) -- Ticket Income $178,980
Game was played at the American Airlines Center.
Total Attendance: 18007 (90.04%)
Total Ticket Income: $1,082,025
Other Income: $378,709
Total Income: $1,460,734
Chicago Black Hawks
5 vs 5 Forward
Center Left Wing Right Wing Time % Phy DF OF
1 Leo Carlsson Lucas Raymond Kevin Fiala 30 1 2 2
2 Barrett Hayton Trevor Zegras Oliver Bjorkstrand 30 1 2 2
3 Matthew Beniers Shane Wright Eeli Tolvanen 25 1 2 2
4 Brett Howden Trevor Lewis Bobby Brink 15 1 2 2
5 vs 5 Defense
Defense Defense Time % Phy DF OF
1 Zachary Werenski Brent Burns 30 1 2 2
2 Justin Faulk Christopher Tanev 30 1 2 2
3 Noah Dobson Ryan Lindgren 25 1 2 2
4 Zachary Werenski Brent Burns 15 1 2 2
PowerPlay Forward
Center Left Wing Right Wing Time % Phy DF OF
1 Leo Carlsson Lucas Raymond Kevin Fiala 50 1 2 2
2 Barrett Hayton Trevor Zegras Oliver Bjorkstrand 50 1 2 2
PowerPlay Defense
Defense Defense Time % Phy DF OF
1 Zachary Werenski Brent Burns 50 1 2 2
2 Justin Faulk Christopher Tanev 50 1 2 2
Penalty Kill 4 Players Forward
Center Wing Time % Phy DF OF
1 Leo Carlsson Lucas Raymond 50 1 2 2
2 Kevin Fiala Barrett Hayton 50 1 2 2
Penalty Kill 4 Players Defense
Defense Defense Time % Phy DF OF
1 Zachary Werenski Brent Burns 50 1 2 2
2 Justin Faulk Christopher Tanev 50 1 2 2
Penalty Kill - 3 Players Forward
Forward Time % Phy DF OF
1 Leo Carlsson 50 1 2 2
2 Lucas Raymond 50 1 2 2
Penalty Kill - 3 Players Defense
Defense Defense Time % Phy DF OF
1 Zachary Werenski Brent Burns 50 1 2 2
2 Justin Faulk Christopher Tanev 50 1 2 2
4 vs 4 Forward
Center Wing Time % Phy DF OF
1 Leo Carlsson Lucas Raymond 50 1 2 2
2 Kevin Fiala Barrett Hayton 50 1 2 2
4 vs 4 Defense
Defense Defense Time % Phy DF OF
1 Zachary Werenski Brent Burns 50 1 2 2
2 Justin Faulk Christopher Tanev 50 1 2 2
Last Minutes Offensive
Center Left Wing Right Wing Defense Defense
Leo Carlsson Lucas Raymond Kevin Fiala Zachary Werenski Brent Burns
Last Minutes Defensive
Center Left Wing Right Wing Defense Defense
Leo Carlsson Lucas Raymond Kevin Fiala Zachary Werenski Brent Burns
Goaltenders
Starting : Filip Gustavsson
Backup : Jesper Wallstedt
Extra Forwards
Normal : Matthew Beniers, Shane Wright, Brett Howden - PP : Matthew Beniers, Shane Wright - PK : Brett Howden
Extra Defensemen
Normal : Noah Dobson, Ryan Lindgren, Justin Faulk - PP : Noah Dobson - PK : Ryan Lindgren, Justin Faulk
Penalty Shots
Leo Carlsson, Lucas Raymond, Kevin Fiala, Barrett Hayton, Oliver Bjorkstrand
Scratches
Simon Nemec (Healthy), Ryan Suzuki (Healthy)
Dallas Stars
5 vs 5 Forward
Center Left Wing Right Wing Time % Phy DF OF
1 Elias Lindholm Josh Anderson Brendan Gallagher 30 1 2 2
2 Filip Chytil Jordan Martinook Luke Kunin 30 1 2 2
3 Trent Frederic Alex Iafallo Jordan Greenway 25 1 2 2
4 Jack Drury Joel Kiviranta Philip Tomasino 15 1 2 2
5 vs 5 Defense
Defense Defense Time % Phy DF OF
1 Dougie Hamilton Trevor van Riemsdyk 30 1 2 2
2 Jakob Chychrun Jonas Siegenthaler 30 1 2 2
3 Cam York Arber Xhekaj 25 1 2 2
4 Dougie Hamilton Trevor van Riemsdyk 15 1 2 2
PowerPlay Forward
Center Left Wing Right Wing Time % Phy DF OF
1 Elias Lindholm Josh Anderson Brendan Gallagher 50 1 2 2
2 Filip Chytil Jordan Martinook Luke Kunin 50 1 2 2
PowerPlay Defense
Defense Defense Time % Phy DF OF
1 Dougie Hamilton Trevor van Riemsdyk 50 1 2 2
2 Jakob Chychrun Jonas Siegenthaler 50 1 2 2
Penalty Kill 4 Players Forward
Center Wing Time % Phy DF OF
1 Elias Lindholm Josh Anderson 50 1 2 2
2 Brendan Gallagher Jordan Martinook 50 1 2 2
Penalty Kill 4 Players Defense
Defense Defense Time % Phy DF OF
1 Dougie Hamilton Trevor van Riemsdyk 50 1 2 2
2 Jakob Chychrun Jonas Siegenthaler 50 1 2 2
Penalty Kill - 3 Players Forward
Forward Time % Phy DF OF
1 Elias Lindholm 50 1 2 2
2 Josh Anderson 50 1 2 2
Penalty Kill - 3 Players Defense
Defense Defense Time % Phy DF OF
1 Dougie Hamilton Trevor van Riemsdyk 50 1 2 2
2 Jakob Chychrun Jonas Siegenthaler 50 1 2 2
4 vs 4 Forward
Center Wing Time % Phy DF OF
1 Elias Lindholm Josh Anderson 50 1 2 2
2 Brendan Gallagher Jordan Martinook 50 1 2 2
4 vs 4 Defense
Defense Defense Time % Phy DF OF
1 Dougie Hamilton Trevor van Riemsdyk 50 1 2 2
2 Jakob Chychrun Jonas Siegenthaler 50 1 2 2
Last Minutes Offensive
Center Left Wing Right Wing Defense Defense
Elias Lindholm Josh Anderson Brendan Gallagher Dougie Hamilton Trevor van Riemsdyk
Last Minutes Defensive
Center Left Wing Right Wing Defense Defense
Elias Lindholm Josh Anderson Brendan Gallagher Dougie Hamilton Trevor van Riemsdyk
Goaltenders
Starting : Ukko-Pekka Luukkonen
Backup : Marc-Andre Fleury
Extra Forwards
Normal : Alex Iafallo, Joel Kiviranta, Trent Frederic - PP : Alex Iafallo, Joel Kiviranta - PK : Trent Frederic
Extra Defensemen
Normal : Cam York, Arber Xhekaj, Jakob Chychrun - PP : Cam York - PK : Arber Xhekaj, Jakob Chychrun
Penalty Shots
Elias Lindholm, Josh Anderson, Brendan Gallagher, Jordan Martinook, Alex Iafallo
Scratches
Ty Smith (Healthy), Nils Lundkvist (Healthy), Jonatan Berggren (Healthy), Alex Lyon (Healthy), Semyon Varlamov (Healthy)
% Time on Ice - Chicago Black Hawks
Lines # - Real PCT - Wanted PCT - Time Play
Normal Forward
1 - 30% - 30% - 14:42
2 - 30% - 30% - 14:45
3 - 24% - 25% - 11:57
4 - 16% - 15% - 7:44
Normal Defense
1 - 31% - 30% - 15:17
2 - 32% - 30% - 15:35
3 - 25% - 25% - 12:06
4 - 13% - 15% - 6:10
PP Forward
1 - 44% - 50% - 2:09
2 - 56% - 50% - 2:41
PP Defense
1 - 38% - 50% - 1:49
2 - 62% - 50% - 3:01
PK Forward
1 - 52% - 50% - 3:09
2 - 48% - 50% - 2:53
PK Defense
1 - 56% - 50% - 3:23
2 - 44% - 50% - 2:39
PK3 Forward
1 - 0% - 50%
2 - 0% - 50%
PK3 Defense
1 - 0% - 50%
2 - 0% - 50%
44 Forward
1 - 0% - 50%
2 - 0% - 50%
44 Defense
1 - 0% - 50%
2 - 0% - 50%
Last Minute Offensive - 0:00
Last Minute Defensive - 0:00
Total
Forward - 60:00
Defense - 60:00
|
% Time on Ice - Dallas Stars
Lines # - Real PCT - Wanted PCT - Time Play
Normal Forward
1 - 28% - 30% - 13:38
2 - 31% - 30% - 15:24
3 - 25% - 25% - 12:19
4 - 16% - 15% - 7:47
Normal Defense
1 - 30% - 30% - 14:45
2 - 30% - 30% - 14:30
3 - 26% - 25% - 12:35
4 - 15% - 15% - 7:18
PP Forward
1 - 50% - 50% - 3:02
2 - 50% - 50% - 3:00
PP Defense
1 - 50% - 50% - 3:01
2 - 50% - 50% - 3:01
PK Forward
1 - 49% - 50% - 2:23
2 - 51% - 50% - 2:27
PK Defense
1 - 54% - 50% - 2:36
2 - 46% - 50% - 2:14
PK3 Forward
1 - 0% - 50%
2 - 0% - 50%
PK3 Defense
1 - 0% - 50%
2 - 0% - 50%
44 Forward
1 - 0% - 50%
2 - 0% - 50%
44 Defense
1 - 0% - 50%
2 - 0% - 50%
Last Minute Offensive - 0:00
Last Minute Defensive - 0:00
Total
Forward - 60:00
Defense - 60:00
|
Play-by-Play
1st period
0:01 of 1st period - Elias Lindholm wins face-off versus Leo Carlsson in neutral zone.
0:04 of 1st period - Backhand shot by Brendan Gallagher.
0:04 of 1st period - Shot Misses the Net.
0:06 of 1st period - Snap shot by Brendan Gallagher.
0:06 of 1st period - Shot Blocked by Zachary Werenski.
0:26 of 1st period - Trevor van Riemsdyk is hit by Shane Wright.
0:42 of 1st period - Josh Anderson is hit by Matthew Beniers.
0:56 of 1st period - Slapshot by Trevor Zegras.
0:56 of 1st period - Deflect By Oliver Bjorkstrand.
0:56 of 1st period - Stopped by Ukko-Pekka Luukkonen with a rebound.
1:14 of 1st period - Wrist shot by Bobby Brink.
1:14 of 1st period - Stopped by Ukko-Pekka Luukkonen with a rebound.
1:45 of 1st period - Ryan Lindgren is hit by Dougie Hamilton and loses puck.
2:21 of 1st period - Snap shot by Oliver Bjorkstrand.
2:21 of 1st period - Shot Blocked by Cam York.
2:23 of 1st period - Snap shot by Oliver Bjorkstrand.
2:23 of 1st period - Shot Blocked by Cam York.
2:50 of 1st period - Icing by Brent Burns.
2:51 of 1st period - Jack Drury wins face-off versus Trevor Lewis in Chicago Black Hawks zone.
2:52 of 1st period - Snap shot by Joel Kiviranta.
2:52 of 1st period - Stopped by Filip Gustavsson without a rebound.
2:53 of 1st period - Jack Drury wins face-off versus Brett Howden in Chicago Black Hawks zone.
2:54 of 1st period - Snap shot by Philip Tomasino.
2:54 of 1st period - Stopped by Filip Gustavsson without a rebound.
2:55 of 1st period - Brett Howden wins face-off versus Jack Drury in Chicago Black Hawks zone.
3:07 of 1st period - Brent Burns is hit by Dougie Hamilton and loses puck.
3:22 of 1st period - Snap shot by Brett Howden.
3:22 of 1st period - Stopped by Ukko-Pekka Luukkonen without a rebound.
3:23 of 1st period - Filip Chytil wins face-off versus Barrett Hayton in Dallas Stars zone.
4:15 of 1st period - Ryan Lindgren is hit by Brendan Gallagher and loses puck.
4:22 of 1st period - Snap shot by Matthew Beniers.
4:22 of 1st period - Stopped by Ukko-Pekka Luukkonen with a rebound.
4:42 of 1st period - Snap shot by Joel Kiviranta.
4:42 of 1st period - Stopped by Filip Gustavsson with a rebound.
4:44 of 1st period - Wrist shot by Joel Kiviranta.
4:44 of 1st period - Stopped by Filip Gustavsson without a rebound.
4:45 of 1st period - Matthew Beniers wins face-off versus Filip Chytil in Chicago Black Hawks zone.
6:01 of 1st period - Slapshot by Dougie Hamilton.
6:01 of 1st period - Stopped by Filip Gustavsson without a rebound.
6:02 of 1st period - Filip Chytil wins face-off versus Barrett Hayton in Chicago Black Hawks zone.
6:05 of 1st period - Wrist shot by Jordan Martinook.
6:05 of 1st period - Stopped by Filip Gustavsson without a rebound.
6:05 of 1st period - Minor Penalty to Filip Gustavsson for Slashing.
6:06 of 1st period - Leo Carlsson wins face-off versus Elias Lindholm in Chicago Black Hawks zone.
6:31 of 1st period - Trevor van Riemsdyk is hit by Ryan Lindgren and loses puck.
7:37 of 1st period - Wrist shot by Brendan Gallagher.
7:37 of 1st period - Stopped by Filip Gustavsson with a rebound.
8:05 of 1st period - Penalty to Zachary Werenski is over, Zachary Werenski is back on ice.
8:31 of 1st period - Snap shot by Shane Wright.
8:31 of 1st period - Shot Misses the Net.
8:33 of 1st period - Snap shot by Christopher Tanev.
8:33 of 1st period - Deflect By Joel Kiviranta.
8:33 of 1st period - Stopped by Ukko-Pekka Luukkonen without a rebound.
8:34 of 1st period - Matthew Beniers wins face-off versus Trent Frederic in Dallas Stars zone.
8:44 of 1st period - Off-side.
8:45 of 1st period - Filip Chytil wins face-off versus Barrett Hayton in neutral zone.
8:53 of 1st period - Minor Penalty to Trevor Zegras for Slashing.
8:54 of 1st period - Filip Chytil wins face-off versus Kevin Fiala in Chicago Black Hawks zone.
8:54 of 1st period - Snap shot by Luke Kunin.
8:54 of 1st period - Shot Blocked by Kevin Fiala.
8:56 of 1st period - Snap shot by Jonas Siegenthaler.
8:56 of 1st period - Stopped by Filip Gustavsson with a rebound.
8:58 of 1st period - Snap shot by Luke Kunin.
8:58 of 1st period - Goal by Luke Kunin - Chicago Black Hawks : 0 - Dallas Stars : 1.
8:59 of 1st period - Filip Chytil wins face-off versus Oliver Bjorkstrand in neutral zone.
9:24 of 1st period - Josh Anderson is hit by Lucas Raymond and loses puck.
9:53 of 1st period - Slapshot by Alex Iafallo.
9:53 of 1st period - Shot Blocked by Brent Burns.
10:27 of 1st period - Wrist shot by Filip Chytil.
10:27 of 1st period - Deflect By Luke Kunin.
10:27 of 1st period - Shot Blocked by Justin Faulk.
10:27 of 1st period - Puck is out of play.
10:28 of 1st period - Barrett Hayton wins face-off versus Filip Chytil in Chicago Black Hawks zone.
11:19 of 1st period - Zachary Werenski is hit by Arber Xhekaj and loses puck.
12:17 of 1st period - Luke Kunin is hit by Justin Faulk and loses puck.
12:31 of 1st period - Off-side.
12:32 of 1st period - Barrett Hayton wins face-off versus Elias Lindholm in neutral zone.
12:48 of 1st period - Snap shot by Barrett Hayton.
12:48 of 1st period - Stopped by Ukko-Pekka Luukkonen without a rebound.
12:49 of 1st period - Leo Carlsson wins face-off versus Trent Frederic in Dallas Stars zone.
12:50 of 1st period - Snap shot by Kevin Fiala.
12:50 of 1st period - Shot Blocked by Alex Iafallo.
12:52 of 1st period - Snap shot by Lucas Raymond.
12:52 of 1st period - Shot Blocked by Dougie Hamilton.
13:10 of 1st period - Brent Burns is hit by Trent Frederic and loses puck.
13:55 of 1st period - Snap shot by Lucas Raymond.
13:55 of 1st period - Shot Misses the Net.
13:57 of 1st period - Slapshot by Brent Burns.
13:57 of 1st period - Shot Blocked by Trevor van Riemsdyk.
13:59 of 1st period - Wrist shot by Lucas Raymond.
13:59 of 1st period - Stopped by Ukko-Pekka Luukkonen with a rebound.
14:01 of 1st period - Snap shot by Lucas Raymond.
14:01 of 1st period - Shot Misses the Net.
14:03 of 1st period - Snap shot by Brent Burns.
14:03 of 1st period - Shot Misses the Net.
14:05 of 1st period - Slapshot by Brent Burns.
14:05 of 1st period - Stopped by Ukko-Pekka Luukkonen with a rebound.
14:07 of 1st period - Snap shot by Leo Carlsson.
14:07 of 1st period - Stopped by Ukko-Pekka Luukkonen with a rebound.
14:09 of 1st period - Snap shot by Leo Carlsson.
14:09 of 1st period - Shot Misses the Net.
14:11 of 1st period - Slapshot by Brent Burns.
14:11 of 1st period - Shot Misses the Net.
14:13 of 1st period - Slapshot by Brent Burns.
14:13 of 1st period - Deflect By Kevin Fiala.
14:13 of 1st period - Shot Misses the Net.
14:13 of 1st period - Puck is out of play.
14:14 of 1st period - Barrett Hayton wins face-off versus Elias Lindholm in Dallas Stars zone.
14:48 of 1st period - Snap shot by Matthew Beniers.
14:48 of 1st period - Shot Misses the Net.
15:40 of 1st period - Filip Chytil is hit by Eeli Tolvanen and loses puck.
15:47 of 1st period - Slapshot by Matthew Beniers.
15:47 of 1st period - Stopped by Ukko-Pekka Luukkonen with a rebound.
16:17 of 1st period - Wrist shot by Josh Anderson.
16:17 of 1st period - Stopped by Filip Gustavsson without a rebound.
16:18 of 1st period - Elias Lindholm wins face-off versus Matthew Beniers in Chicago Black Hawks zone.
16:19 of 1st period - Snap shot by Josh Anderson.
16:19 of 1st period - Shot Hit the Post.
17:07 of 1st period - Wrist shot by Barrett Hayton.
17:07 of 1st period - Shot Misses the Net.
17:09 of 1st period - Wrist shot by Oliver Bjorkstrand.
17:09 of 1st period - Shot Blocked by Jordan Greenway.
17:11 of 1st period - Snap shot by Trevor Zegras.
17:11 of 1st period - Shot Blocked by Jonas Siegenthaler.
17:13 of 1st period - Slapshot by Zachary Werenski.
17:13 of 1st period - Stopped by Ukko-Pekka Luukkonen with a rebound.
17:15 of 1st period - Backhand shot by Zachary Werenski.
17:15 of 1st period - Shot Misses the Net.
17:24 of 1st period - Off-side.
17:25 of 1st period - Matthew Beniers wins face-off versus Elias Lindholm in neutral zone.
17:53 of 1st period - Minor Penalty to Ryan Lindgren for Tripping.
17:54 of 1st period - Kevin Fiala wins face-off versus Elias Lindholm in Chicago Black Hawks zone.
18:03 of 1st period - Snap shot by Leo Carlsson.
18:03 of 1st period - Shot Misses the Net.
18:05 of 1st period - Slapshot by Zachary Werenski.
18:05 of 1st period - Deflect By Lucas Raymond.
18:05 of 1st period - Stopped by Ukko-Pekka Luukkonen with a rebound.
19:15 of 1st period - Justin Faulk is hit by Luke Kunin.
19:53 of 1st period - Penalty to Ryan Lindgren is over, Ryan Lindgren is back on ice.
Goals for this period are 0 for Chicago Black Hawks vs 1 for Dallas Stars.
Shots for this period are 12 for Chicago Black Hawks vs 10 for Dallas Stars.
2nd period
0:01 of 2nd period - Filip Chytil wins face-off versus Barrett Hayton in neutral zone.
0:04 of 2nd period - Slapshot by Filip Chytil.
0:04 of 2nd period - Stopped by Filip Gustavsson without a rebound.
0:05 of 2nd period - Filip Chytil wins face-off versus Barrett Hayton in Chicago Black Hawks zone.
0:14 of 2nd period - Wrist shot by Jordan Martinook.
0:14 of 2nd period - Stopped by Filip Gustavsson without a rebound.
0:15 of 2nd period - Barrett Hayton wins face-off versus Filip Chytil in Chicago Black Hawks zone.
0:15 of 2nd period - Barrett Hayton is hit by Jordan Martinook.
0:46 of 2nd period - Snap shot by Matthew Beniers.
0:46 of 2nd period - Shot Misses the Net.
0:52 of 2nd period - Slapshot by Filip Chytil.
0:52 of 2nd period - Stopped by Filip Gustavsson without a rebound.
0:53 of 2nd period - Elias Lindholm wins face-off versus Kevin Fiala in Chicago Black Hawks zone.
1:00 of 2nd period - Snap shot by Elias Lindholm.
1:00 of 2nd period - Shot Misses the Net.
1:02 of 2nd period - Snap shot by Josh Anderson.
1:02 of 2nd period - Stopped by Filip Gustavsson with a rebound.
1:04 of 2nd period - Slapshot by Jonas Siegenthaler.
1:04 of 2nd period - Stopped by Filip Gustavsson with a rebound.
1:06 of 2nd period - Snap shot by Brendan Gallagher.
1:06 of 2nd period - Shot Misses the Net.
1:08 of 2nd period - Snap shot by Elias Lindholm.
1:08 of 2nd period - Stopped by Filip Gustavsson without a rebound.
1:09 of 2nd period - Barrett Hayton wins face-off versus Trent Frederic in Chicago Black Hawks zone.
1:36 of 2nd period - Elias Lindholm is hit by Leo Carlsson and loses puck.
2:05 of 2nd period - Wrist shot by Shane Wright.
2:05 of 2nd period - Stopped by Ukko-Pekka Luukkonen without a rebound.
2:06 of 2nd period - Elias Lindholm wins face-off versus Barrett Hayton in Dallas Stars zone.
2:19 of 2nd period - Slapshot by Barrett Hayton.
2:19 of 2nd period - Shot Hit the Post.
2:40 of 2nd period - Slapshot by Filip Chytil.
2:40 of 2nd period - Stopped by Filip Gustavsson without a rebound.
2:41 of 2nd period - Trent Frederic wins face-off versus Eeli Tolvanen in Chicago Black Hawks zone.
2:50 of 2nd period - Wrist shot by Jordan Greenway.
2:50 of 2nd period - Stopped by Filip Gustavsson without a rebound.
2:51 of 2nd period - Trent Frederic wins face-off versus Matthew Beniers in Chicago Black Hawks zone.
3:05 of 2nd period - Off-side.
3:06 of 2nd period - Josh Anderson wins face-off versus Leo Carlsson in neutral zone.
3:57 of 2nd period - Wrist shot by Shane Wright.
3:57 of 2nd period - Shot Misses the Net.
4:11 of 2nd period - Trevor Lewis is hit by Jonas Siegenthaler and loses puck.
4:33 of 2nd period - Snap shot by Leo Carlsson.
4:33 of 2nd period - Stopped by Ukko-Pekka Luukkonen with a rebound.
4:39 of 2nd period - Kevin Fiala is hit by Josh Anderson and loses puck.
5:07 of 2nd period - Minor Penalty to Jack Drury for Tripping.
5:08 of 2nd period - Elias Lindholm wins face-off versus Leo Carlsson in Dallas Stars zone.
5:35 of 2nd period - Jordan Martinook is hit by Justin Faulk and loses puck.
7:07 of 2nd period - Penalty to Jack Drury is over, Jack Drury is back on ice.
7:21 of 2nd period - Snap shot by Matthew Beniers.
7:21 of 2nd period - Deflect By Eeli Tolvanen.
7:21 of 2nd period - Stopped by Ukko-Pekka Luukkonen with a rebound.
7:31 of 2nd period - Minor Penalty to Arber Xhekaj for Hooking.
7:32 of 2nd period - Kevin Fiala wins face-off versus Josh Anderson in Dallas Stars zone.
7:39 of 2nd period - Wrist shot by Lucas Raymond.
7:39 of 2nd period - Goal by Lucas Raymond - Chicago Black Hawks : 1 - Dallas Stars : 1.
7:40 of 2nd period - Leo Carlsson wins face-off versus Elias Lindholm in neutral zone.
7:43 of 2nd period - Brendan Gallagher is hit by Leo Carlsson.
7:51 of 2nd period - Brent Burns is hit by Jakob Chychrun and loses puck.
8:06 of 2nd period - Filip Chytil is hit by Brent Burns and loses puck.
8:23 of 2nd period - Filip Chytil is hit by Ryan Lindgren and loses puck.
8:38 of 2nd period - Slapshot by Jakob Chychrun.
8:38 of 2nd period - Shot Blocked by Ryan Lindgren.
8:40 of 2nd period - Snap shot by Jordan Greenway.
8:40 of 2nd period - Stopped by Filip Gustavsson without a rebound.
8:41 of 2nd period - Elias Lindholm wins face-off versus Leo Carlsson in Chicago Black Hawks zone.
9:30 of 2nd period - Backhand shot by Jordan Martinook.
9:30 of 2nd period - Deflect By Luke Kunin.
9:30 of 2nd period - Shot Misses the Net.
9:30 of 2nd period - Puck is out of play.
9:31 of 2nd period - Matthew Beniers wins face-off versus Filip Chytil in Chicago Black Hawks zone.
9:31 of 2nd period - Matthew Beniers is hit by Luke Kunin.
9:36 of 2nd period - Off-side.
9:37 of 2nd period - Elias Lindholm wins face-off versus Kevin Fiala in neutral zone.
9:42 of 2nd period - Slapshot by Lucas Raymond.
9:42 of 2nd period - Stopped by Ukko-Pekka Luukkonen without a rebound.
9:43 of 2nd period - Elias Lindholm wins face-off versus Leo Carlsson in Dallas Stars zone.
9:56 of 2nd period - Wrist shot by Elias Lindholm.
9:56 of 2nd period - Shot Blocked by Justin Faulk.
10:58 of 2nd period - Icing by Justin Faulk.
10:59 of 2nd period - Leo Carlsson wins face-off versus Filip Chytil in Chicago Black Hawks zone.
10:59 of 2nd period - Leo Carlsson is hit by Luke Kunin.
11:13 of 2nd period - Justin Faulk is hit by Jakob Chychrun and loses puck.
11:38 of 2nd period - Snap shot by Lucas Raymond.
11:38 of 2nd period - Stopped by Ukko-Pekka Luukkonen without a rebound.
11:39 of 2nd period - Barrett Hayton wins face-off versus Filip Chytil in Dallas Stars zone.
11:51 of 2nd period - Snap shot by Barrett Hayton.
11:51 of 2nd period - Shot Misses the Net.
11:53 of 2nd period - Slapshot by Brent Burns.
11:53 of 2nd period - Shot Blocked by Cam York.
11:55 of 2nd period - Wrist shot by Trevor Zegras.
11:55 of 2nd period - Stopped by Ukko-Pekka Luukkonen with a rebound.
13:05 of 2nd period - Snap shot by Filip Chytil.
13:05 of 2nd period - Shot Blocked by Brent Burns.
13:07 of 2nd period - Slapshot by Jonas Siegenthaler.
13:07 of 2nd period - Shot Blocked by Brent Burns.
13:09 of 2nd period - Snap shot by Josh Anderson.
13:09 of 2nd period - Stopped by Filip Gustavsson with a rebound.
13:11 of 2nd period - Wrist shot by Brendan Gallagher.
13:11 of 2nd period - Shot Misses the Net.
13:29 of 2nd period - Snap shot by Alex Iafallo.
13:29 of 2nd period - Deflect By Jordan Greenway.
13:29 of 2nd period - Stopped by Filip Gustavsson without a rebound.
13:30 of 2nd period - Filip Chytil wins face-off versus Barrett Hayton in Chicago Black Hawks zone.
13:31 of 2nd period - Slapshot by Dougie Hamilton.
13:31 of 2nd period - Deflect By Filip Chytil.
13:31 of 2nd period - Shot Misses the Net.
13:31 of 2nd period - Puck is out of play.
13:32 of 2nd period - Barrett Hayton wins face-off versus Filip Chytil in Chicago Black Hawks zone.
13:49 of 2nd period - Christopher Tanev is hit by Dougie Hamilton and loses puck.
14:06 of 2nd period - Elias Lindholm is hit by Eeli Tolvanen and loses puck.
14:28 of 2nd period - Off-side.
14:29 of 2nd period - Barrett Hayton wins face-off versus Filip Chytil in neutral zone.
14:54 of 2nd period - Matthew Beniers is hit by Josh Anderson and loses puck.
14:59 of 2nd period - Wrist shot by Elias Lindholm.
14:59 of 2nd period - Stopped by Filip Gustavsson with a rebound.
15:01 of 2nd period - Slapshot by Jonas Siegenthaler.
15:01 of 2nd period - Stopped by Filip Gustavsson without a rebound.
15:02 of 2nd period - Trent Frederic wins face-off versus Barrett Hayton in Chicago Black Hawks zone.
16:46 of 2nd period - Wrist shot by Elias Lindholm.
16:46 of 2nd period - Stopped by Filip Gustavsson without a rebound.
16:47 of 2nd period - Barrett Hayton wins face-off versus Brendan Gallagher in Chicago Black Hawks zone.
16:52 of 2nd period - Slapshot by Brent Burns.
16:52 of 2nd period - Shot Blocked by Arber Xhekaj.
16:54 of 2nd period - Wrist shot by Barrett Hayton.
16:54 of 2nd period - Deflect By Oliver Bjorkstrand.
16:54 of 2nd period - Shot Misses the Net.
16:54 of 2nd period - Puck is out of play.
16:55 of 2nd period - Filip Chytil wins face-off versus Oliver Bjorkstrand in Dallas Stars zone.
17:51 of 2nd period - Snap shot by Jordan Greenway.
17:51 of 2nd period - Stopped by Filip Gustavsson with a rebound.
17:53 of 2nd period - Slapshot by Arber Xhekaj.
17:53 of 2nd period - Shot Blocked by Justin Faulk.
17:55 of 2nd period - Snap shot by Alex Iafallo.
17:55 of 2nd period - Stopped by Filip Gustavsson with a rebound.
18:52 of 2nd period - Slapshot by Trent Frederic.
18:52 of 2nd period - Shot Blocked by Brent Burns.
18:54 of 2nd period - Backhand shot by Alex Iafallo.
18:54 of 2nd period - Shot Blocked by Brent Burns.
18:56 of 2nd period - Snap shot by Trent Frederic.
18:56 of 2nd period - Stopped by Filip Gustavsson with a rebound.
19:22 of 2nd period - Snap shot by Filip Chytil.
19:22 of 2nd period - Shot Blocked by Noah Dobson.
19:34 of 2nd period - Joel Kiviranta is hit by Bobby Brink and loses puck.
19:58 of 2nd period - Elias Lindholm is hit by Justin Faulk and loses puck.
Goals for this period are 1 for Chicago Black Hawks vs 0 for Dallas Stars.
Shots for this period are 7 for Chicago Black Hawks vs 17 for Dallas Stars.
3rd period
0:01 of 3rd period - Filip Chytil wins face-off versus Barrett Hayton in neutral zone.
0:04 of 3rd period - Slapshot by Jakob Chychrun.
0:04 of 3rd period - Shot Blocked by Brent Burns.
0:27 of 3rd period - Zachary Werenski is hit by Jakob Chychrun and loses puck.
0:54 of 3rd period - Brett Howden is hit by Trevor van Riemsdyk and loses puck.
1:57 of 3rd period - Slapshot by Leo Carlsson.
1:57 of 3rd period - Stopped by Ukko-Pekka Luukkonen with a rebound.
1:59 of 3rd period - Snap shot by Leo Carlsson.
1:59 of 3rd period - Shot Misses the Net.
2:20 of 3rd period - Slapshot by Alex Iafallo.
2:20 of 3rd period - Shot Blocked by Zachary Werenski.
2:22 of 3rd period - Wrist shot by Jordan Greenway.
2:22 of 3rd period - Shot Misses the Net.
2:58 of 3rd period - Slapshot by Christopher Tanev.
2:58 of 3rd period - Deflect By Trevor Zegras.
2:58 of 3rd period - Shot Blocked by Trevor van Riemsdyk.
2:58 of 3rd period - Puck is out of play.
2:59 of 3rd period - Barrett Hayton wins face-off versus Jack Drury in Dallas Stars zone.
3:12 of 3rd period - Joel Kiviranta is hit by Oliver Bjorkstrand and loses puck.
3:28 of 3rd period - Backhand shot by Trevor Zegras.
3:28 of 3rd period - Deflect By Jakob Chychrun.
3:28 of 3rd period - Stopped by Ukko-Pekka Luukkonen with a rebound.
3:30 of 3rd period - Wrist shot by Barrett Hayton.
3:30 of 3rd period - Stopped by Ukko-Pekka Luukkonen with a rebound.
3:32 of 3rd period - Slapshot by Christopher Tanev.
3:32 of 3rd period - Stopped by Ukko-Pekka Luukkonen without a rebound.
3:33 of 3rd period - Leo Carlsson wins face-off versus Filip Chytil in Dallas Stars zone.
4:00 of 3rd period - Josh Anderson is hit by Zachary Werenski and loses puck.
4:06 of 3rd period - Off-side.
4:07 of 3rd period - Barrett Hayton wins face-off versus Filip Chytil in neutral zone.
5:44 of 3rd period - Off-side.
5:45 of 3rd period - Elias Lindholm wins face-off versus Lucas Raymond in neutral zone.
5:58 of 3rd period - Snap shot by Lucas Raymond.
5:58 of 3rd period - Shot Misses the Net.
6:12 of 3rd period - Jordan Martinook is hit by Shane Wright.
6:44 of 3rd period - Slapshot by Trevor Zegras.
6:44 of 3rd period - Deflect By Oliver Bjorkstrand.
6:44 of 3rd period - Stopped by Ukko-Pekka Luukkonen without a rebound.
6:45 of 3rd period - Leo Carlsson wins face-off versus Elias Lindholm in Dallas Stars zone.
6:48 of 3rd period - Slapshot by Leo Carlsson.
6:48 of 3rd period - Stopped by Ukko-Pekka Luukkonen with a rebound.
6:54 of 3rd period - Lucas Raymond is hit by Brendan Gallagher and loses puck.
7:11 of 3rd period - Wrist shot by Alex Iafallo.
7:11 of 3rd period - Stopped by Filip Gustavsson without a rebound.
7:12 of 3rd period - Barrett Hayton wins face-off versus Trent Frederic in Chicago Black Hawks zone.
7:12 of 3rd period - Barrett Hayton is hit by Alex Iafallo.
7:37 of 3rd period - Alex Iafallo is hit by Shane Wright and loses puck.
7:46 of 3rd period - Snap shot by Alex Iafallo.
7:46 of 3rd period - Stopped by Filip Gustavsson with a rebound.
7:48 of 3rd period - Wrist shot by Alex Iafallo.
7:48 of 3rd period - Stopped by Filip Gustavsson with a rebound.
7:50 of 3rd period - Snap shot by Trevor van Riemsdyk.
7:50 of 3rd period - Stopped by Filip Gustavsson without a rebound.
7:51 of 3rd period - Leo Carlsson wins face-off versus Elias Lindholm in Chicago Black Hawks zone.
7:51 of 3rd period - Leo Carlsson is hit by Elias Lindholm.
8:03 of 3rd period - Slapshot by Elias Lindholm.
8:03 of 3rd period - Stopped by Filip Gustavsson with a rebound.
8:05 of 3rd period - Slapshot by Dougie Hamilton.
8:05 of 3rd period - Deflect By Elias Lindholm.
8:05 of 3rd period - Shot Misses the Net.
8:05 of 3rd period - Puck is out of play.
8:06 of 3rd period - Barrett Hayton wins face-off versus Filip Chytil in Chicago Black Hawks zone.
8:18 of 3rd period - Wrist shot by Trevor Zegras.
8:18 of 3rd period - Stopped by Ukko-Pekka Luukkonen with a rebound.
8:20 of 3rd period - Slapshot by Brent Burns.
8:20 of 3rd period - Shot Hit the Post.
8:22 of 3rd period - Slapshot by Brent Burns.
8:22 of 3rd period - Shot Blocked by Filip Chytil.
8:32 of 3rd period - Leo Carlsson is hit by Josh Anderson and loses puck.
9:21 of 3rd period - Joel Kiviranta is hit by Eeli Tolvanen and loses puck.
9:31 of 3rd period - Icing by Joel Kiviranta.
9:32 of 3rd period - Barrett Hayton wins face-off versus Filip Chytil in Dallas Stars zone.
10:12 of 3rd period - Minor Penalty to Zachary Werenski for Hooking.
10:13 of 3rd period - Leo Carlsson wins face-off versus Filip Chytil in Chicago Black Hawks zone.
12:12 of 3rd period - Penalty to Zachary Werenski is over, Zachary Werenski is back on ice.
12:30 of 3rd period - Snap shot by Joel Kiviranta.
12:30 of 3rd period - Stopped by Filip Gustavsson without a rebound.
12:31 of 3rd period - Matthew Beniers wins face-off versus Trent Frederic in Chicago Black Hawks zone.
12:44 of 3rd period - Snap shot by Matthew Beniers.
12:44 of 3rd period - Shot Misses the Net.
12:46 of 3rd period - Wrist shot by Matthew Beniers.
12:46 of 3rd period - Stopped by Ukko-Pekka Luukkonen with a rebound.
12:56 of 3rd period - Brett Howden is hit by Jack Drury and loses puck.
13:05 of 3rd period - Trevor van Riemsdyk is hit by Ryan Lindgren and loses puck.
13:20 of 3rd period - Oliver Bjorkstrand is hit by Jordan Martinook and loses puck.
13:26 of 3rd period - Icing by Zachary Werenski.
13:27 of 3rd period - Barrett Hayton wins face-off versus Elias Lindholm in Chicago Black Hawks zone.
13:27 of 3rd period - Barrett Hayton is hit by Brendan Gallagher.
13:30 of 3rd period - Zachary Werenski is hit by Elias Lindholm.
13:43 of 3rd period - Minor Penalty to Brendan Gallagher for Tripping.
13:44 of 3rd period - Leo Carlsson wins face-off versus Elias Lindholm in Dallas Stars zone.
13:52 of 3rd period - Snap shot by Lucas Raymond.
13:52 of 3rd period - Stopped by Ukko-Pekka Luukkonen without a rebound.
13:53 of 3rd period - Elias Lindholm wins face-off versus Leo Carlsson in Dallas Stars zone.
14:20 of 3rd period - Dougie Hamilton is hit by Leo Carlsson and loses puck.
14:25 of 3rd period - Wrist shot by Lucas Raymond.
14:25 of 3rd period - Shot Blocked by Josh Anderson.
14:27 of 3rd period - Wrist shot by Leo Carlsson.
14:27 of 3rd period - Shot Misses the Net.
14:33 of 3rd period - Wrist shot by Leo Carlsson.
14:33 of 3rd period - Stopped by Ukko-Pekka Luukkonen with a rebound.
14:35 of 3rd period - Slapshot by Brent Burns.
14:35 of 3rd period - Shot Blocked by Elias Lindholm.
14:37 of 3rd period - Slapshot by Brent Burns.
14:37 of 3rd period - Goal by Brent Burns - Chicago Black Hawks : 2 - Dallas Stars : 1.
14:38 of 3rd period - Elias Lindholm wins face-off versus Matthew Beniers in neutral zone.
15:14 of 3rd period - Wrist shot by Brett Howden.
15:14 of 3rd period - Shot Blocked by Luke Kunin.
15:16 of 3rd period - Snap shot by Trevor Lewis.
15:16 of 3rd period - Shot Misses the Net.
15:18 of 3rd period - Snap shot by Brett Howden.
15:18 of 3rd period - Stopped by Ukko-Pekka Luukkonen with a rebound.
15:53 of 3rd period - Minor Penalty to Cam York for High sticking.
15:54 of 3rd period - Barrett Hayton wins face-off versus Jordan Martinook in Dallas Stars zone.
15:55 of 3rd period - Snap shot by Trevor Zegras.
15:55 of 3rd period - Stopped by Ukko-Pekka Luukkonen with a rebound.
16:05 of 3rd period - Snap shot by Jordan Martinook.
16:05 of 3rd period - Stopped by Filip Gustavsson without a rebound.
16:06 of 3rd period - Barrett Hayton wins face-off versus Brendan Gallagher in Chicago Black Hawks zone.
16:13 of 3rd period - Slapshot by Justin Faulk.
16:13 of 3rd period - Deflect By Jakob Chychrun.
16:13 of 3rd period - Stopped by Ukko-Pekka Luukkonen without a rebound.
16:14 of 3rd period - Barrett Hayton wins face-off versus Brendan Gallagher in Dallas Stars zone.
16:19 of 3rd period - Wrist shot by Oliver Bjorkstrand.
16:19 of 3rd period - Shot Misses the Net.
16:23 of 3rd period - Wrist shot by Trevor Zegras.
16:23 of 3rd period - Shot Misses the Net.
16:25 of 3rd period - Slapshot by Justin Faulk.
16:25 of 3rd period - Shot Blocked by Jakob Chychrun.
16:41 of 3rd period - Snap shot by Barrett Hayton.
16:41 of 3rd period - Shot Blocked by Jakob Chychrun.
16:43 of 3rd period - Snap shot by Christopher Tanev.
16:43 of 3rd period - Shot Blocked by Jonas Siegenthaler.
17:30 of 3rd period - Snap shot by Barrett Hayton.
17:30 of 3rd period - Shot Misses the Net.
17:32 of 3rd period - Slapshot by Justin Faulk.
17:32 of 3rd period - Stopped by Ukko-Pekka Luukkonen without a rebound.
17:33 of 3rd period - Leo Carlsson wins face-off versus Brendan Gallagher in Dallas Stars zone.
17:42 of 3rd period - Slapshot by Lucas Raymond.
17:42 of 3rd period - Goal by Lucas Raymond - Chicago Black Hawks : 3 - Dallas Stars : 1.
17:43 of 3rd period - Trent Frederic wins face-off versus Matthew Beniers in neutral zone.
17:48 of 3rd period - Backhand shot by Dougie Hamilton.
17:48 of 3rd period - Shot Misses the Net.
17:54 of 3rd period - Wrist shot by Trent Frederic.
17:54 of 3rd period - Stopped by Filip Gustavsson with a rebound.
18:31 of 3rd period - Snap shot by Filip Chytil.
18:31 of 3rd period - Stopped by Filip Gustavsson with a rebound.
18:33 of 3rd period - Wrist shot by Filip Chytil.
18:33 of 3rd period - Stopped by Filip Gustavsson without a rebound.
18:34 of 3rd period - Filip Chytil wins face-off versus Leo Carlsson in Chicago Black Hawks zone.
19:52 of 3rd period - Leo Carlsson is hit by Filip Chytil and loses puck.
Goals for this period are 2 for Chicago Black Hawks vs 0 for Dallas Stars.
Shots for this period are 16 for Chicago Black Hawks vs 10 for Dallas Stars.
Back to the Top